 Dungeon Sprint DCSS version 0.20.1-1-g8b1a95d (webtiles) character file.

14 Anonimus the Covered (level 3, 0/24 HPs)
             Began as a Gargoyle Fighter on Oct 11, 2017.
             Was a Believer of Makhleb.
             Slain by a gnoll
             ... wielding a +0 whip
              (3 damage)
             ... in the Dungeon (Sprint VI: "Thunderdome").
             The game lasted 00:02:44 (199 turns).

Anonimus the Covered (Gargoyle Fighter)              Turns: 199, Time: 00:02:44

Health: 0/24       AC: 10    Str: 19    XL:     3   Next: 50%
Magic:  3/3        EV:  8    Int: 11    God:    Makhleb [**....]
Gold:   50         SH:  9    Dex: 10    Spells: 2/2 levels left

rFire    + + .     SeeInvis .   a - +0 war axe
rCold    . . .     Gourm    .   c - +0 shield
rNeg     + + +     Faith    +   b - +0 scale mail
rPois    ∞         Spirit   .   (no helmet)
rElec    +         Reflect  .   (no cloak)
rCorr    .         Harm     .   (no gloves)
MR       .....     NoTele   +   (no boots)
Stlth    ..........             p - amulet of Onedgh {Faith rElec Int+3}
Regen    0.1/turn               q - ring "Qeheseby" {rF++ rN+}
MPRegen  0.1/turn               r - ring of the Sparrow {+Inv rPois rN+}

@: no status effects
A: negative energy resistance 1, electricity resistance, unbreathing,
petrification resistance, rot immunity, AC +3
a: Minor Destruction, Renounce Religion, Evoke Invisibility


You were in the Dungeon.
You worshipped Makhleb.
Makhleb was pleased with you.
You were not hungry.

You visited 1 branch You collected 220 gold pieces.
You spent 170 gold pieces at shops.

Inventory:

Hand Weapons
 a - a +0 war axe (weapon)
Armour
 b - a +0 scale mail (worn)
 c - a +0 shield (worn)
Jewellery
 p - the amulet of Onedgh (around neck) {Faith rElec Int+3}
   (You bought it in a shop in the Dungeon)

   [amulet of faith]

   It allows you to gain divine favour quickly.
   It affects your intelligence (+3).
   It insulates you from electricity.
 q - the ring "Qeheseby" (left hand) {rF++ rN+}
   (You bought it in a shop in the Dungeon)

   [ring of positive energy]

   It greatly protects you from fire.
   It protects you from negative energy.
 r - the ring of the Sparrow (right hand) {+Inv rPois rN+}
   (You bought it in a shop in the Dungeon)

   [ring of poison resistance]

   It protects you from poison.
   It protects you from negative energy.
   It lets you turn invisible.
Wands
 l - a wand of acid (5/15)
 m - a wand of iceblast (5/15)
Scrolls
 k - 4 scrolls of blinking
 n - 3 scrolls of fog
Potions
 d - a potion of might
 e - a potion of curing
 g - 5 potions of heal wounds
 h - 4 potions of haste
 i - 2 potions of magic
 j - a potion of berserk rage
 o - a potion of resistance
Comestibles
 f - a bread ration
 s - a chunk of flesh


   Skills:
 + Level 4.3 Fighting
 * Level 3.7 Axes
 + Level 4.4 Armour
 + Level 1.9 Dodging
 + Level 4.2 Shields
 + Level 1.2 Invocations


You had 2 spell levels left.
You didn't know any spells.

Dungeon Overview and Level Annotations

Branches:
Dungeon (1/1)

Altars:
Cheibriados
Dithmenos
Fedhas
Gozag
Kikubaaqudgha
Makhleb
Okawaru
Qazlal
Ru
Sif Muna
Trog
Uskayaw
Vehumet
Xom
Yredelemnul
Zin
The Shining One
Beogh
Jiyva
Lugonu

Shops:
D *[%??*?*:[((!!!!


Innate Abilities, Weirdness & Mutations

You are resistant to torment.
Your stone body is resilient. (AC +3)
You are immune to poison.
You resist negative energy. (rN+)
You are resistant to electric shocks. (rElec)
You can survive without breathing.
You are immune to petrification.
You are immune to rotting.


Message History

Unknown command.
Unknown command.
The gnoll closely misses you. The gnoll hits you with a spear.
You block the gnoll's attack.
Unknown command.
You slash the gnoll!
The gnoll is heavily wounded.
You barely miss the gnoll. You hit the gnoll but do no damage.
The gnoll hits you with a whip. The gnoll barely misses you.
The gnoll hits you with a whip. You block the gnoll's attack. x2
Unknown command.
You hit the gnoll.
The gnoll is severely wounded.
You barely miss the gnoll. You closely miss the gnoll.
You barely miss the gnoll. The gnoll hits you with a whip.
The gnoll hits you with a flail!
* * * LOW HITPOINT WARNING * * *
You block the gnoll's attack. The gnoll barely misses you.
The gnoll hits you with a whip.
You die...

#∩.......∩# #_......._#
#_........# #_......._#
###.........### #⌠...........⌠#
######.8.........8.######
##∩___.....†###gg...._._∩##
##∩...††...8.# #@8....[...∩###
.............###ggg..........##
.....)....###...###..........⌠#
..........# #.<.# #..........⌠#
..........###...###..........⌠#
.............###.............##
##∩........8.# #.8........∩###
##∩___......###.......__∩##
######.8.........8.######


You could see 5 gnolls.

Vanquished Creatures
  Jessica (D)
  An adder (D)
  An orc (D)
  A giant cockroach (D)
  A jackal (D)
  A bat (D)
6 creatures vanquished.

Notes
Turn   | Place    | Note
-------+----------+-------------------------------------------
     0 | D        | Anonimus the Gargoyle Fighter began the quest for the Orb.
     0 | D        | Reached XP level 1. HP: 14/14 MP: 1/1
     1 | D        | Found a snail-covered altar of Cheibriados.
     1 | D        | Found a basalt altar of Yredelemnul.
     4 | D        | Found a deep blue altar of Sif Muna.
     4 | D        | Found a shimmering altar of Xom.
     5 | D        | Found a roughly hewn altar of Beogh.
     5 | D        | Found an opulent altar of Gozag.
     5 | D        | Round 1.
     6 | D        | Found a radiant altar of Vehumet.
     6 | D        | Found a corrupted altar of Lugonu.
     6 | D        | Found Ceycha's Weapon Rack.
     6 | D        | Found Lifukh's Premium Goods.
     7 | D        | Found Deicusuh's Basic Armour.
     7 | D        | Found Gurhohorph's Miscellaneous Merchandise.
     9 | D        | Found a shadowy altar of Dithmenos.
    10 | D        | Found a glowing silver altar of Zin.
    12 | D        | Found a burning altar of Makhleb.
    12 | D        | Found a bloodstained altar of Trog.
    13 | D        | Found Bucifruh's Identification Station.
    13 | D        | Found a hide-covered altar of Uskayaw.
    13 | D        | Found a sacrificial altar of Ru.
    13 | D        | Found Fiqugila's Bee Food.
    14 | D        | Found Juro's Advanced Armour.
    14 | D        | Found Touc's Jewellery.
    20 | D        | Became a worshipper of Makhleb the Destroyer
    28 | D        | Bought a flickering iron amulet for 45 gold pieces
    28 | D        | Bought a flickering glass ring for 45 gold pieces
    28 | D        | Bought a flickering tin ring for 45 gold pieces
    28 | D        | Identified the amulet of Onedgh {Faith rElec Int+3} (You bought it in a shop in the Dungeon)
    29 | D        | Identified the ring "Qeheseby" {rF++ rN+} (You bought it in a shop in the Dungeon)
    30 | D        | Identified the ring of the Sparrow {+Inv rPois rN+} (You bought it in a shop in the Dungeon)
    34 | D        | Found a glowing golden altar of the Shining One.
    36 | D        | Found a blossoming altar of Fedhas.
    36 | D        | Found an iron altar of Okawaru.
    38 | D        | Found Qebium's Magic Scroll Shop.
    39 | D        | Found a viscous altar of Jiyva.
    39 | D        | Found Aryw's Staff Store.
    39 | D        | Found Aruzid's Magic Scroll Shop.
    39 | D        | Found Zoipn's Must-Have Magic.
    45 | D        | Found an ancient bone altar of Kikubaaqudgha.
    45 | D        | Noticed Jessica
    46 | D        | Found Abocs's Distillery.
    47 | D        | Found Ynaifa Xarch's Distillery.
    47 | D        | Found Robamuiq's Bottled Wisdom.
    48 | D        | Found a stormy altar of Qazlal.
    48 | D        | Found Laediaf's Do-It-Yourself Clinic.
    58 | D        | Killed Jessica
    58 | D        | Reached skill level 1 in Dodging
    58 | D        | Reached XP level 2. HP: 15/20 MP: 2/2
    58 | D        | Reached XP level 3. HP: 18/24 MP: 3/3
    65 | D        | Bought a potion of heal wounds for 35 gold pieces
   125 | D        | Reached * piety under Makhleb
   130 | D        | Reached ** piety under Makhleb
   130 | D        | Reached skill level 1 in Invocations
   143 | D        | Arena points: 14 (+14) [x2]
   181 | D        | Round 2.
   187 | D        | Noticed a gnoll sergeant
   199 | D        | Slain by a gnoll

Skill      XL: |  1  2  3 |
---------------+----------+-----
Fighting       | 4 |  4.3
Axes           | 3 |  3.7
Armour         | 4 |  4.4
Dodging        | 1 |  1.9
Shields        | 4 |  4.2
Invocations    | 1 |  1.2

Action                   || total
-------------------------++-------
Melee: War axe           ||    26
Armor: Scale mail        ||    12
Dodge: Dodged            ||    11
Block: Shield            ||    18
